cohdb
Replays
Latest Replays
All Replays
Popular Replays
Top Player Replays
Match Explorer
How It Works
Community
CoH3 Stats
Reddit
Sign in to upload your games and track your stats! →
Sign in with Steam
Match 46837707
Unlisted
Match 46837707
Overview
Messages
Build Orders
End
Scout Squad
Selects Special Operations Battlegroup
Selects M29 Weasel Recon Vehicle
M29 Weasel Recon Vehicle
Construct Weapon Support Center
M1919 Machine Gun Team
M29 Weasel Recon Vehicle
Selects Raiding Flares
M1919 Machine Gun Team
Bazooka Squad
Mechanized Support Center
Bazooka Squad
Construct Motor Pool
M8 Greyhound Armored Car
Selects SSF Commando Squad
Engineer Squad
Improvised Armor
DIV 250 BigBoss
K. Ronaldo
UMirinBrah?
BlueSkidrow™ Legion
0
0
Comments
sign in to comment!
No comments posted yet!